 Dungeon Crawl Stone Soup version 0.25.0-9-g26727b657a (webtiles) character file.

Game seed: 10777695127762277548

14319 Infinimo the Swashbuckler (level 12, -23/80 HPs)
             Began as a Kobold Berserker on June 18, 2020.
             Was a High Priest of Trog.
             Killed from afar by a fire giant (50 damage)
             ... with a fireball
             ... on level 11 of the Dungeon.
             The game lasted 00:22:05 (11939 turns).

Infinimo the Swashbuckler (Kobold Berserker)       Turns: 11939, Time: 00:22:09

Health: -23/80     AC:  7    Str: 25    XL:     12   Next: 43%
Magic:  12/12      EV: 26    Int:  9    God:    Trog [*****.]
Gold:   626        SH:  0    Dex: 14    Spells: 11/11 levels left

rFire    . . .     SeeInvis .   b - +4 rapier (flame)
rCold    . . .     Gourm    .   (shield restricted)
rNeg     . . .     Faith    .   x - +1 troll leather armour {Purgy}
rPois    .         Spirit   .   (no helmet)
rElec    .         Reflect  .   B - +0 cloak
rCorr    .         Harm     .   j - +0 pair of gloves
MR       .....                  (no boots)
Stlth    +.........             u - amulet of regeneration
HPRegen  1.03/turn              y - +6 ring of strength
MPRegen  0.13/turn              v - +4 ring of evasion

@: berserk cooldown, slowed, very slow
A: small, carnivore
a: Berserk, Trog's Hand, Brothers in Arms, Renounce Religion


You were on level 11 of the Dungeon.
You worshipped Trog.
Trog was extremely pleased with you.
You were full.

You visited 1 branch of the dungeon, and saw 12 of its levels.

You collected 626 gold pieces.

Inventory:

Hand Weapons
 b - a +4 rapier of flaming (weapon)
Armour
 j - a +0 pair of gloves (worn)
 x - a +1 troll leather armour (worn) {Purgy}
 B - a +0 cloak (worn)
Jewellery
 r - an uncursed ring of protection from cold
 u - an amulet of regeneration (around neck)
 v - a +4 ring of evasion (right hand)
 y - a +6 ring of strength (left hand)
Wands
 q - a wand of random effects (7)
 C - a wand of digging (3)
 D - a wand of flame (44)
 E - a wand of iceblast (18)
Scrolls
 a - 2 scrolls of blinking
 d - 5 scrolls of teleportation
 e - 10 scrolls of identify
 g - a scroll of magic mapping
 k - a scroll of holy word {unknown}
 l - a scroll of fear
 s - 2 scrolls of fog
 t - a scroll of remove curse
 F - a scroll of silence {unknown}
Potions
 f - 4 potions of haste
 h - 2 potions of lignification
 i - 5 potions of curing
 m - 2 potions of invisibility
 n - a potion of magic {unknown}
 o - 2 potions of stabbing
 p - 4 potions of flight
 w - a potion of brilliance {unknown}
 z - a potion of mutation {unknown}
 A - 3 potions of cancellation {unknown}
Comestibles
 c - 17 rations


   Skills:
 + Level 11.0 Fighting
 * Level 17.0 Short Blades
 - Level 1.5 Armour
 + Level 11.6 Dodging


You had 11 spell levels left.
You didn't know any spells.
Your spell library was empty.

Dungeon Overview and Level Annotations

Branches:
Dungeon (12/15)            Temple (0/1) D:4            Lair (0/6) D:10
    Orc: D:9-12

Altars:
Cheibriados
Dithmenos
Fedhas
Hepliaklqana
Nemelex Xobeh
Qazlal
Sif Muna
Vehumet
Wu Jian
Xom
Yredelemnul
Zin
The Shining One

Shops:
D:8 }


Innate Abilities, Weirdness & Mutations

You are small and have problems with some larger weapons.
You are carnivorous and can eat meat at any time.


Message History

No target in view!
No target in view!
No target in view!
You start resting.
You feel a strong urge to attack something.
You are no longer berserk.
You are exhausted.
You feel yourself slow down.
You start resting.
HP restored.
You start waiting.
The fire giant is too close now for your liking.
The fire giant shouts!
The fire giant points at you and mumbles some strange words.
The fireball explodes!
The fireball engulfs you!!!
Ouch! That really hurt!
The fire giant casts a spell at you.
The fireball explodes!
The fireball engulfs you!!!
Ouch! That really hurt!
You die...

............#....#.....#
............#....#.....#
............#....#.....#
........^...'....#.<...#
....>.......#....#.....#
............#....#.....#
.#################.....#
'#.....................#
.#..............@......#
.#........C............#
.#.....................#
.#.....................#
##.....................###
.....########'#######....#
.....#...........#......##
.....#.......[...#......#
.....#...........+......#


You could see a fire giant.

Vanquished Creatures
  The ghost of nojaa the Fighter, a journeyman HaHu (D:11)
  Harold (D:11)
  A hydra (D:11)
  Erica (D:8)
  2 two-headed ogres (D:11)
  2 unseen horrors
  2 trolls
  A hornet (D:11)
  Grinder (D:6)
  2 hippogriffs
  A vampire (D:10)
  A wraith (D:11)
  8 yaks
  A water moccasin (D:11)
  Duvessa (D:6)
  3 porcupines
  Purgy (D:4)
  3 black bears
  3 sky beasts
  4 orc warriors
  4 ice beasts
  A phantom (D:7)
  An eye of draining (D:8)
  7 ogres
  5 centaurs
  A big kobold (D:4)
  2 crocodiles (D:10)
  5 bullfrogs
  Dowan (D:6)
  5 scorpions
  A water moccasin skeleton (D:8)
  11 killer bees (D:11)
  4 wights (D:10)
  A centaur zombie (D:5)
  A howler monkey (D:8)
  3 crimson imps
  A quasit (D:9)
  2 centaur skeletons
  6 hounds
  4 jellies
  11 orc wizards
  7 orc priests
  3 bullfrog skeletons (D:5)
  2 iguanas
  8 worker ants
  A hound zombie (D:6)
  A hound skeleton (D:9)
  A worker ant zombie (D:11)
  5 gnolls
  14 adders
  3 shadow imps
  2 oozes
  2 adder zombies
  2 adder skeletons
  5 worms
  3 dart slugs
  13 leopard geckos
  34 orcs
  2 ball pythons
  6 bats
  7 giant cockroaches
  7 goblins
  10 hobgoblins
  13 jackals
  7 quokkas
  10 frilled lizards
  A jackal skeleton (D:8)
  A jackal zombie (D:5)
  7 kobolds
  A leopard gecko skeleton (D:4)
  5 rats
300 creatures vanquished.

Vanquished Creatures (others)
  3 fungi (D:10)
  A plant (D:10)
4 creatures vanquished.

Grand Total: 304 creatures vanquished

Notes
Turn   | Place    | Note
-------+----------+-------------------------------------------
     0 | D:1      | Infinimo the Kobold Berserker began the quest for the Orb.
     0 | D:1      | Reached XP level 1. HP: 14/14 MP: 1/1
   297 | D:1      | Reached XP level 2. HP: 16/19 MP: 2/2
   837 | D:1      | Reached XP level 3. HP: 23/24 MP: 3/3
   991 | D:1      | Reached ** piety under Trog
   991 | D:1      | Reached skill level 5 in Short Blades
  1184 | D:2      | Reached XP level 4. HP: 22/29 MP: 4/4
  1664 | D:2      | Found a faded altar of an unknown god.
  2262 | D:2      | Reached XP level 5. HP: 23/33 MP: 5/5
  3267 | D:3      | Reached skill level 6 in Short Blades
  3665 | D:3      | Reached *** piety under Trog
  3804 | D:3      | Found a shadowy altar of Dithmenos.
  3920 | D:4      | Found a shimmering altar of Xom.
  3920 | D:4      | Found an ornate altar of the Wu Jian Council.
  3951 | D:4      | Reached XP level 6. HP: 39/39 MP: 6/6
  4019 | D:4      | Found a staircase to the Ecumenical Temple.
  4266 | D:4      | Reached skill level 7 in Short Blades
  4348 | D:4      | Reached XP level 7. HP: 40/44 MP: 7/7
  4515 | D:4      | Noticed Purgy
  4529 | D:4      | Killed Purgy
  4529 | D:4      | Reached skill level 5 in Fighting
  4668 | D:4      | Reached skill level 8 in Short Blades
  4668 | D:4      | Reached skill level 5 in Dodging
  4733 | D:4      | Found a basalt altar of Yredelemnul.
  4992 | D:4      | Found a glowing golden altar of the Shining One.
  4994 | D:4      | Noticed an angel
  5307 | D:5      | Entered Level 5 of the Dungeon
  5368 | D:5      | Reached XP level 8. HP: 47/50 MP: 8/8
  5472 | D:5      | Reached **** piety under Trog
  5472 | D:5      | Reached skill level 9 in Short Blades
  6159 | D:5      | Reached skill level 10 in Short Blades
  6320 | D:5      | Reached XP level 9. HP: 56/56 MP: 9/9
  6379 | D:6      | Noticed Dowan
  6404 | D:6      | Noticed Duvessa
  6449 | D:6      | Killed Dowan
  6456 | D:6      | Killed Duvessa
  6456 | D:6      | Reached skill level 11 in Short Blades
  6897 | D:6      | Reached ***** piety under Trog
  6946 | D:6      | Found a snail-covered altar of Cheibriados.
  6946 | D:6      | Found a hazy altar of Hepliaklqana.
  6949 | D:6      | Found a sparkling altar of Nemelex Xobeh.
  6950 | D:6      | Found a stormy altar of Qazlal.
  6951 | D:6      | Found a blossoming altar of Fedhas.
  6995 | D:6      | Noticed Grinder
  6999 | D:6      | Found a radiant altar of Vehumet.
  7009 | D:6      | Killed Grinder
  7330 | D:7      | Reached skill level 12 in Short Blades
  7513 | D:7      | Reached XP level 10. HP: 64/64 MP: 10/10
  7656 | D:7      | Found a glowing silver altar of Zin.
  7897 | D:8      | Noticed Erica
  7912 | D:8      | Killed Erica
  7912 | D:8      | Reached skill level 13 in Short Blades
  8416 | D:8      | Found Hukal's Gadget Shop.
  8778 | D:9      | Received a gift from Trog
  9122 | D:9      | Found a shimmering blue altar of Sif Muna.
  9131 | D:9      | Reached skill level 14 in Short Blades
  9527 | D:10     | Entered Level 10 of the Dungeon
  9543 | D:10     | Reached XP level 11. HP: 59/71 MP: 11/11
  9667 | D:10     | Reached skill level 10 in Dodging
  9725 | D:10     | Found a staircase to the Lair.
 10035 | D:10     | Reached skill level 15 in Short Blades
 10165 | D:10     | Killed an unseen horror
 10623 | D:11     | Reached skill level 10 in Fighting
 10655 | D:11     | Noticed a fire giant
 10656 | D:11     | Found a runed translucent door.
 10656 | D:11     | Noticed nojaa's ghost (journeyman HaHu)
 10678 | D:11     | Noticed Harold
 10687 | D:11     | Killed Harold
 10874 | D:11     | Noticed a two-headed ogre
 10881 | D:11     | Killed a two-headed ogre
 10918 | D:11     | Noticed a two-headed ogre
 10922 | D:11     | HP: 2/73 [something (9)]
 11033 | D:11     | Noticed an eight-headed hydra
 11042 | D:11     | Reached skill level 16 in Short Blades
 11049 | D:11     | Killed an eight-headed hydra
 11049 | D:11     | Reached XP level 12. HP: 51/78 MP: 12/12
 11341 | D:11     | Killed an unseen horror
 11360 | D:11     | Killed a two-headed ogre
 11917 | D:11     | Killed nojaa's ghost
 11917 | D:11     | Reached skill level 17 in Short Blades
 11939 | D:11     | Killed from afar by a fire giant

Illustrated notes

Levels and vault maps discovered:
D:1:      matt_arrival_diagonals, layout_basic
D:2:      minmay_chambers_of_ones, layout_basic,
          chequers_ecumenical_altar_simple_redux
D:3:      layout_loops_ring, nicolae_overflow_hidden_temple, first_ration
D:4:      layout_layer_cave, grunt_temple_overflow_holy_war,
          chequers_temple_overflow_statue_of_worship, temple_fountains,
          hangedman_decor_peaks_small, minmay_circle_x, uniq_purgy
D:5:      layout_basic
D:6:      layout_rooms, vehumet_altar_wand_db, minitemple, minmay_hedge_maze,
          uniq_duvessa, uniq_grinder
D:7:      layout_basic, kennysheep_little_box, serial_curves, eino_curves_01,
          eino_curves_03
D:8:      layout_loops_cross, serial_shops, shop, uniq_erica
D:9:      layout_roguey, kennysheep_mini
D:10:     layout_irregular_city, due_lair_maze_entry_diamond
D:11:     layout_gridville, ebering_ghost_inner_flame, uniq_harold
D:12:     layout_cave_pools, david_orc_5, serial_shops, nicolae_shop_waterfront

Skill      XL: |  1  2  3  4  5  6  7  8  9 10 11 12 |
---------------+-------------------------------------+-----
Dodging        | 3 4 5 6 8 9 11 | 11.6
Short Blades   | 5 6 7 8 10 12 14 16 17 | 17.0
Fighting       | 4 5 6 7 9 10 11 | 11.0
Armour         | |  1.5

Action                   |  1- 3 |  4- 6 |  7- 9 | 10-12 || total
-------------------------+-------+-------+-------+-------++-------
Melee: Short sword       |   102 |   279 |   344 |       ||   725
       Rapier            |       |       |    37 |   560 ||   597
Invok: Berserk           |     2 |     6 |    11 |    10 ||    29
  Use: Scroll            |       |       |    17 |     9 ||    26
       Potion            |       |       |       |     1 ||     1
 Stab: Sleeping          |     2 |     2 |     2 |     2 ||     8
  Eat: Chunk             |    10 |    17 |    20 |    21 ||    68
Armor: Animal skin       |     9 |    39 |     3 |       ||    51
       Troll leather arm |       |       |    40 |    62 ||   102
Dodge: Dodged            |    68 |   206 |   201 |   502 ||   977
